 Dungeon Crawl Stone Soup version 0.30-a0-329-g85436e0a43 (webtiles) character file.

Game seed: 16297728387634223889

524 purpskrrrp the Sneak (level 7, 0/67 HPs)
             Began as an Octopode Brigand on Oct 28, 2022.
             Was an Initiate of Gozag.
             Slain by a gnoll
             ... wielding a +0 spear
             ... led by a gnoll bouda
              (2 damage)
             ... on level 4 of the Dungeon.
             The game lasted 00:10:23 (3941 turns).

purpskrrrp the Sneak (Octopode Brigand)             Turns: 3941, Time: 00:10:23

Health: 0/67       AC: 23    Str: 11    XL:     7   Next: 22%
Magic:  7/7        EV:  2    Int: 13    God:    Gozag
Gold:   246        SH:  0    Dex: 21    Spells: 6/6 levels left

rFire   . . .      SeeInvis .    a - +3 dagger
rCold   . . .      Faith    .    (no shield)
rNeg    . . .      Spirit   .    (helmet currently unavailable)
rPois   +          Reflect  .    (no amulet)
rElec   .          Harm     .    l - +6 ring of dexterity
rCorr   .          Rampage  .    (no ring)
Will    .....      NoTele   +    (no ring)
Stlth   ++++......               (no ring)
HPRegen 0.31/turn                (no ring)
MPRegen 0.10/turn                (no ring)
                                 (no ring)
                                 (no ring)

@: tree-form, weakened
A: stationary, stasis, torment immunity, boosted hp, almost no armour,
(amphibious), 8 rings, (camouflage 1), (gelatinous body 1), (nimble swimmer 1),
(tentacles)
a: Renounce Religion, Potion Petition, Call Merchant, Bribe Branch


You were on level 4 of the Dungeon.
You worshipped Gozag.
Gozag was aware of your devotion.
You were a tree.
You visited 1 branch of the dungeon, and saw 4 of its levels.

You collected 264 gold pieces.
You paid 18 gold pieces to Gozag.

Inventory:

Hand Weapons
 a - a +3 dagger (weapon)
Jewellery
 l - a +6 ring of dexterity (left branch)
Scrolls
 c - a scroll of vulnerability {unknown}
Potions
 d - a potion of mutation
 f - 3 potions of attraction
 h - a potion of ambrosia {unknown}
 i - a potion of lignification
 j - a potion of degeneration {unknown}
 k - a potion of invisibility
 m - a potion of berserk rage {unknown}


   Skills:
 - Level 2.5 Fighting
 * Level 4.7 Short Blades
 + Level 3.8 Throwing
 + Level 3.3 Dodging
 + Level 7.1 Stealth


You had 6 spell levels left.
You didn't know any spells.
Your spell library contained the following spells:

 Spells                   Type           Power      Damage    Failure   Level
 Cigotuvi's Dreadful Rot  Necr/Pois/Air  0%         N/A       43%         2
 Ignite Poison            Fire/Tmut/Pois 0%         N/A       67%         3
 Dispel Undead            Necr           0%         3d6       97%         4
 Sticky Flame             Conj/Fire      0%         2d3       97%         4
 Death Channel            Necr           0%         N/A       100%        6
 Ignition                 Fire           0%         3d3       100%        8
 Chain Lightning          Conj/Air       0%         N/A       100%        9
 Fire Storm               Conj/Fire      0%         5d1       100%        9
 Shatter                  Erth           0%         3d5*      100%        9


Dungeon Overview and Level Annotations

Branches:
Dungeon (4/15)
 Temple: D:4-7

Altars:
Cheibriados
Dithmenos
Gozag
Wu Jian

Annotations:
D:1 1 transporter


Innate Abilities, Weirdness & Mutations

You are a tree.
Your roots penetrate the ground, keeping you stationary.
You cannot be teleported.
You are immune to unholy pain and torment.
Your maximum health is greatly increased.
You cannot wear most types of armour.
((You are amphibious.))
You can wear up to eight rings at the same time.
((Your skin changes colour to match your surroundings (Stealth+).))
((Your rubbery body absorbs attacks. (AC +1, EV +1)))
((You are camouflaged when in or above water. (Stealth+)))
((You have tentacles for arms and can constrict up to eight enemies at once.))


Message History

The gnoll bouda is no longer distracted by gold.
The gnoll misses you.
The gnoll bouda gazes fiercely through you!
You feel your attacks grow feeble.
The gnoll bouda attacks as you move away!
The gnoll bouda closely misses you. The gnoll misses you.
You see here a stone.
The gnoll bouda attacks as you move away!
The gnoll bouda hits you with a +0 whip!
* * * LOW HITPOINT WARNING * * *
The gnoll misses you.
There is an open door here.
As you read the scroll of teleportation, it crumbles to dust.
You feel strangely unstable. The gnoll barely misses you.
The gnoll bouda barely misses you.
It was a potion of lignification.
You turn into a tree.
Your roots penetrate the ground.
You feel strangely stable.
The gnoll hits you from afar with a +0 spear.
* * * LOW HITPOINT WARNING * * *
The gnoll bouda gazes fiercely through you!
You feel as though you will be weak longer.
You hit the gnoll bouda.
The gnoll bouda is heavily wounded.
The gnoll completely misses you.
You hit the gnoll bouda.
The gnoll bouda is heavily wounded.
The gnoll bouda hits you but does no damage.
The gnoll hits you but does no damage.
You closely miss the gnoll bouda.
The gnoll bouda is heavily wounded.
The gnoll bouda barely misses you.
You barely miss the gnoll bouda.
The gnoll bouda is heavily wounded.
The gnoll hits you but does no damage.
The gnoll bouda hits you but does no damage.
You hit the gnoll bouda but do no damage.
The gnoll bouda is heavily wounded.
The gnoll hits you from afar with a +0 spear.
You die...
Your body crumbles into a pile of gold.

#.....#.#.#
#........
#.....#.#.#
#########
#.........#
#.####..#.#
#<####'##.#
###.........#
.....)).....#
####........#
######.###
#####.##.#
#g♣....... ####
#....###'###.....
#... #####..g(..#
### #... #).....#
#gg. ##.(....# #.g.
#....>..#
#...#####$......#
#...............#
#.......##.........


You could see a gnoll bouda and a gnoll (swift).

Vanquished Creatures
  Grinder (D:3)
  A necrophage (D:4)
  2 orc priests (D:3)
  An orc wizard (D:3)
  4 gnolls (D:4)
  8 adders
  2 worms
  2 dart slugs (D:2)
  9 orcs
  9 ball pythons
  6 endoplasms
  2 giant cockroaches
  2 goblins
  3 hobgoblins
  2 quokkas
  4 bats
  3 frilled lizards
  3 kobolds
  3 rats
67 creatures vanquished.

Vanquished Creatures (others)
  8 plants (D:1)
8 creatures vanquished.

Grand Total: 75 creatures vanquished

Notes
Turn   | Place    | Note
-------+----------+-------------------------------------------
     0 | D:1      | purpskrrrp the Octopode Brigand began the quest for the
                  | Orb.
     0 | D:1      | Reached XP level 1. HP: 14/14 MP: 1/1
   147 | D:1      | Reached XP level 2. HP: 14/19 MP: 2/2
  1210 | D:2      | Reached XP level 3. HP: 25/25 MP: 3/3
  1695 | D:2      | Reached XP level 4. HP: 30/30 MP: 4/4
  2416 | D:3      | Found a faded altar of an unknown god.
  2425 | D:3      | Reached skill level 6 in Stealth
  2438 | D:3      | Noticed Grinder
  2452 | D:3      | Killed Grinder
  2453 | D:3      | Reached XP level 5. HP: 20/35 MP: 5/5
  2453 | D:3      | Reached XP level 6. HP: 23/41 MP: 6/6
  2524 | D:3      | Found a snail-covered altar of Cheibriados.
  2526 | D:3      | Found an ornate altar of the Wu Jian Council.
  2527 | D:3      | Found a shadowy altar of Dithmenos.
  2527 | D:3      | Found an opulent altar of Gozag.
  2560 | D:3      | Became a worshipper of Gozag Ym Sagoz the Greedy
  3505 | D:4      | Reached XP level 7. HP: 42/45 MP: 7/7
  3690 | D:4      | Reached skill level 7 in Stealth
  3936 | D:4      | HP: 1/67 [gnoll/+0 spear[a gnoll bouda] (5)]
  3941 | D:4      | Slain by a gnoll

Illustrated notes

Levels and vault maps discovered:
D:1:      spicycebolla_arrival_risky_transporter, layout_basic, serial_bayou,
          serial_bayou_lagoon_a, serial_bayou_shore_b, serial_bayou_ford_a,
          serial_bayou_lake_a
D:2:      layout_basic, st_stairs_6, solitary_fountain,
          kennysheep_generic_room_10
D:3:      layout_basic, grunt_temple_overflow_open,
          ebering_ecumenical_altar_sacrificial, uniq_grinder
D:4:      layout_basic

Skill      XL: |  1  2  3  4  5  6  7 |
---------------+----------------------+-----
Dodging        | 2 3 |  3.3
Stealth        | 6 7 |  7.1
Short Blades   | 4 |  4.7
Throwing       | 3 |  3.8
Fighting       | |  2.5

Action                   |  1- 3 |  4- 6 |  7- 9 || total
-------------------------+-------+-------+-------++-------
Melee: Dagger            |    59 |    77 |    43 ||   179
       Constrict         |    14 |    16 |     7 ||    37
       Tentacles         |    17 |    19 |     8 ||    44
Throw: Dart              |    40 |    38 |       ||    78
  Use: Scroll            |     5 |     5 |     3 ||    13
       Potion            |       |     1 |     4 ||     5
 Stab: Sleeping          |       |     2 |     1 ||     3
Armor: Skin              |     5 |     4 |     7 ||    16
Dodge: Dodged            |    23 |    31 |    41 ||    95

Table legend: (Time is in decaauts)
 A = Elapsed time spent in this place.
 B = Non-inter-level travel time spent in this place.
 C = Inter-level travel time spent in this place.
 D = Time resting spent in this place.
 E = Time spent auto-exploring this place.
 F = Levels seen in this place.
 G = Mean time per level.
                   A        B        C        D        E       F      G
               +--------+--------+--------+--------+--------+-----+--------+
         Total |   3901 |   3750 |    151 |    513 |   2397 |   4 |  975.2 |
       Dungeon |   3901 |   3750 |    151 |    513 |   2397 |   4 |  975.2 |
               +--------+--------+--------+--------+--------+-----+--------+

Top non-repeatable levels by time:
     D:3: 1206 daAuts
     D:2: 1123 daAuts
     D:1: 1071 daAuts
     D:4: 500 daAuts
